 Dungeon Crawl Stone Soup version 0.19.0-2-gae57169 (console) character file.

146538 Kloppie the Warrior (level 16, -15/231 HPs)
             Began as a Demonspawn Berserker on Nov 2, 2016.
             Was a High Priest of Trog.
             Demolished by an Ice Fiend (18 damage)
             ... in an ice cave.
             The game lasted 01:04:23 (25794 turns).

Kloppie the Warrior (Demonspawn Berserker)         Turns: 25794, Time: 01:04:23

Health: -15/231    AC: 48    Str: 29    XL:     16   Next: 89%
Magic:  25/25      EV: 16    Int:  9    God:    Trog [*****.]
Gold:   344        SH:  6    Dex: 22    Spells: 0 memorised, 15 levels left

rFire  . . .     SeeInvis .     a - +2 scimitar (elec)
rCold  + . .     Gourm    .     O - +11 plate armour of the Crushed Gods {Dex+5}
rNeg   . . .     Faith    .     d - +0 buckler
rPois  +         Spirit   .     r - +0 helmet (curse)
rElec  .         Reflect  .     F - +2 cloak {MR+}
rCorr  .         Harm     .     (gloves unavailable)
MR     ++++.                    i - +0 pair of boots
Stlth  ..........               K - amulet of Vitality {Regen+ HP+15}
                                z - ring "Ajuod" {rPois MP+9 Str+4}
                                n - +5 ring of evasion

@: berserking, regenerating, very quick
A: claws 3, icy blue scales 2, cold resistance 1, foul stench 1, icemail, rot
immunity, freezing cloud immunity
a: Berserk, Trog's Hand, Brothers in Arms, Burn Spellbooks, Renounce Religion


You were in an ice cave.
You worshipped Trog.
Trog was extremely pleased with you.
You were not hungry.

You visited 4 branches of the dungeon, and saw 27 of its levels.
You also visited: Labyrinth and Ice Cave.

You collected 2627 gold pieces.
You spent 2283 gold pieces at shops.

Inventory:

Hand Weapons
 a - a +2 scimitar of electrocution (weapon)
 b - a +4 scimitar of flaming
 M - a +5 scimitar of freezing
Armour
 d - a +0 buckler (worn)
 i - a +0 pair of boots (worn)
 r - a cursed +0 helmet (worn)
 F - a +2 cloak of magic resistance (worn)
 O - the +11 plate armour of the Crushed Gods (worn) {Dex+5}
   (You bought it in a shop on level 2 of the Orcish Mines)

   It affects your dexterity (+5).
Jewellery
 m - an uncursed amulet of the gourmand
 n - a +5 ring of evasion (left claw)
 s - a +5 ring of evasion
 z - the ring "Ajuod" (right claw) {rPois MP+9 Str+4}
   (You found it in a labyrinth)

   [ring of magical power]

   It affects your strength (+4).
   It protects you from poison.
   It affects your magic capacity (+9).
 B - the cursed ring "Gaem" {rF+ MR++ Str-3 Dex-2 Stlth+}
   (You found it in a labyrinth)

   [ring of strength]

   It affects your strength (-3).
   It affects your dexterity (-2).
   It protects you from fire.
   It affects your resistance to hostile enchantments.
   It makes you more stealthy.
   It has a curse placed upon it.
 C - an uncursed ring of protection from magic
 I - an uncursed ring of flight
 K - the amulet of Vitality (around neck) {Regen+ HP+15}
   (You found it on level 6 of the Lair of Beasts)

   [amulet of regeneration]

   It affects your health (+15).
   It increases your rate of regeneration.
 U - an uncursed ring of see invisible
Wands
 v - a wand of confusion (24/48)
 w - a wand of enslavement (12/24)
 y - a wand of digging (12/24)
 A - a wand of teleportation (6/9)
 D - a wand of digging (12/24)
 H - a wand of teleportation (3/9)
 L - a wand of disintegration (17/24)
Scrolls
 e - 4 scrolls of identify
 h - 7 scrolls of enchant armour
 j - 5 scrolls of remove curse
 o - 2 scrolls of recharging
 p - a scroll of teleportation
 t - 5 scrolls of blinking
 J - 7 scrolls of fear
 N - 3 scrolls of enchant weapon
 Q - a scroll of fog
 S - a scroll of summoning
Potions
 f - 9 potions of curing
 g - 3 potions of flight
 k - a potion of might
 q - a potion of invisibility
 G - 2 potions of heal wounds
 P - 3 potions of agility
Comestibles
 c - 8 bread rations
 l - 4 beef jerkies
 x - 7 meat rations
 E - 5 slices of pizza
 W - 4 royal jellies


   Skills:
 - Level 16.6 Fighting
 - Level 15.6 Long Blades
 + Level 16.2 Armour
 + Level 3.8 Dodging
 - Level 4.8 Shields


You had 15 spell levels left.
You didn't know any spells.

Dungeon Overview and Level Annotations

Branches:
Dungeon (15/15)            Temple (0/1) D:5            Lair (6/6) D:9
 Shoals (0/4) Lair:2        Snake (4/4) Lair:4        Slime (0/5) Lair:6
    Orc (2/2) D:10            Elf (0/3) Orc:2        Vaults (0/5) D:14
 Depths (0/5) D:15

Altars:
Ashenzari
Elyvilon
Fedhas
Hepliaklqana
Kikubaaqudgha
Makhleb
Ru
Trog
Yredelemnul
Zin
Beogh

Shops:
D:5 %   D:11 [   D:14 ?   Orc:2 ([(*   Snake:1 =}=}   Snake:3 !   Snake:4 ?}*!

Annotations:
Abyss:1 Grum


Innate Abilities, Weirdness & Mutations

You have claws for hands.
You are mostly covered in icy blue scales. (AC +3)
Your flesh is cold resistant. (rC+)
You may emit foul miasma when damaged in melee.
A meltable icy envelope protects you from harm. (AC +10)
You are immune to rotting.
You are immune to freezing clouds.


Message History

Your hill giant's corpse disappears in a puff of smoke!
You are too berserk!
You slash the Ice Fiend!
The Ice Fiend is moderately wounded.
The ice devil closely misses you. The Ice Fiend closely misses you.
The Ice Fiend claws you but does no damage.
The white imp gestures at you. The puff of frost misses you.
You slice the Ice Fiend!!
There is a sudden explosion of sparks!
The Ice Fiend is severely wounded.
You slash the Ice Fiend!
The Ice Fiend is almost dead.
The ice devil hits you but does no damage.
You hit the Ice Fiend but do no damage.
The Ice Fiend is almost dead.
The ice devil hits you but does no damage.
The Ice Fiend barely misses you. The Ice Fiend claws you.
* * * LOW HITPOINT WARNING * * *
The Ice Fiend freezes you!! You resist.
You die...

#### .......§§≈###
# .##.....§§§§###
#
§##..####§§§§§.##
§.......#§§§§§§§##
#
#......##§§§§§§.##
##
##......##§§§.§..#
.# #...§.§§§§§§##
.# #44###§§§§§##
## #@...§#§§### ##
#15...#### .##
.5..### ..# ...###
..# #.### .## ..
## #%) # ##


You could see an Ice Fiend, 2 ice devils and 2 white imps.

Vanquished Creatures
  Vashnia (Snake:3)
  An Ice Fiend (IceCv)
  Kirke (D:14)
  5 nagarajas
  An orc warlord (Orc:2)
  Aizul (Snake:2)
  Azrael (Snake:3)
  3 dire elephants (Lair:6)
  The ghost of Mukku the Impaler, a journeyman MfSu of Okawaru (Lair:6)
  An ettin (D:15)
  A minotaur (Lab)
  A vault guard (D:14)
  8 naga warriors
  Fannar (Orc:1)
  2 hydras
  5 centaur warriors
  A catoblepas (Lair:1)
  9 anacondas
  19 naga sharpshooters
  Urug (D:10)
  2 salamander mystics (Snake:2)
  3 skeletal warriors (D:14)
  3 unseen horrors
  5 naga ritualists
  A deep troll (D:15)
  A wizard (D:9)
  7 hill giants
  A deep elf archer (D:15)
  Pikel (D:4)
  2 orc knights (Orc:2)
  5 mana vipers
  A deep elf mage (D:13)
  2 orc sorcerers
  A cyclops (D:11)
  An ugly thing (D:15)
  2 manticores (Lair:2)
  13 elephants
  6 guardian serpents
  6 salamanders
  42 black mambas
  Maurice (D:8)
  13 naga magi
  2 ice statues (IceCv)
  7 spiny frogs
  A gargoyle (D:14)
  A kobold demonologist (D:15)
  A rime drake (Lair:2)
  10 komodo dragons
  9 ice devils (IceCv)
  A tengu conjurer (D:15)
  6 trolls
  A queen bee (Lair:2)
  2 two-headed ogres
  17 hippogriffs
  3 polar bears
  5 slime creatures (D:13)
  19 blink frogs
  6 dream sheep (Lair:6)
  A centaur simulacrum (D:15)
  A spriggan (Lair:3)
  A wraith (D:10)
  4 shadows
  2 wyverns
  4 basilisks
  A hog (shapeshifter) (D:12)
  A hog (D:14)
  31 yaks
  4 fire elementals
  2 hungry ghosts
  A steam dragon (D:8)
  A mottled dragon (D:12)
  A warg (Orc:1)
  24 nagas
  3 hell hounds
  5 porcupines
  15 water moccasins
  25 orc warriors
  5 sky beasts
  3 slaves (D:4)
  An eye of draining (D:12)
  3 phantoms
  A necrophage (D:9)
  11 ogres
  15 wolves
  13 centaurs
  The ghost of Querens the Shield-Bearer, an amateur GrFi (D:3)
  16 crocodiles
  4 big kobolds
  14 bullfrogs
  A wyvern zombie (D:8)
  2 scorpions
  2 wyvern skeletons
  11 wights
  30 killer bees
  A vampire bat (Lair:2)
  4 electric eels
  A howler monkey (D:10)
  5 bullfrog zombies
  8 crimson imps
  2 centaur zombies
  A bullfrog skeleton (D:4)
  7 jellies
  29 orc priests
  8 hounds
  29 orc wizards
  4 centaur skeletons
  3 iguanas
  Ijyb (D:3)
  Natasha (thrice) (D:4)
  11 worker ants
  A killer bee zombie (D:8)
  A hound zombie (D:11)
  26 adders
  7 gnolls
  6 shadow imps
  8 white imps (IceCv)
  4 ufetubi (IceCv)
  5 oozes
  4 worms
  2 dart slugs (D:1)
  8 leopard geckos
  126 orcs
  8 ball pythons
  5 giant cockroaches
  6 goblins
  5 hobgoblins
  11 jackals
  16 kobolds
  4 quokkas
  11 bats
  4 frilled lizards
  15 rats
934 creatures vanquished.

Vanquished Creatures (collateral kills)
  Nessos (Lair:6)
  2 orc knights (Orc:2)
  2 trolls (Orc:2)
  6 orc warriors (Orc:2)
  An ogre (Orc:2)
  2 orc wizards (Orc:2)
  5 orcs (Orc:2)
19 creatures vanquished.

Vanquished Creatures (others)
  A skeletal warrior (D:14)
  2 hill giants
  2 ugly things
  A manticore (D:14)
  A black mamba (Snake:4)
  A salamander (shapeshifter) (D:13)
  A gargoyle (D:11)
  A kobold demonologist (D:14)
  2 yaks (D:10)
  A naga (Snake:2)
  A soldier ant (D:14)
  A sky beast (D:9)
  A wolf (D:9)
  2 centaurs
  2 bullfrogs (D:10)
  A scorpion (D:13)
  A wight (D:13)
  An electric eel (D:9)
  A bullfrog zombie (D:9)
  A bullfrog skeleton (D:11)
  An iguana (D:14)
  A white imp (IceCv)
  2 ufetubi (IceCv)
  An ooze (D:4)
  An orc (D:10)
  A ball python (Snake:3)
  2 fungi
  10 plants (Lair:6)
44 creatures vanquished.

Grand Total: 997 creatures vanquished

Notes
Turn   | Place    | Note
-------+----------+-------------------------------------------
     0 | D:1      | Kloppie the Demonspawn Berserker began the quest for the Orb.
     0 | D:1      | Reached XP level 1. HP: 18/18 MP: 1/1
   122 | D:1      | Gained mutation: You are immune to rotting. [demonic ancestry]
   122 | D:1      | Reached XP level 2. HP: 12/24 MP: 2/2
   788 | D:1      | Reached XP level 3. HP: 29/29 MP: 3/3
  1048 | D:1      | Reached ** piety under Trog
  1281 | D:2      | Found a basalt altar of Yredelemnul.
  1281 | D:2      | Found a faded altar of an unknown god.
  1286 | D:2      | Found a faded altar of an unknown god.
  1288 | D:2      | Found an ancient bone altar of Kikubaaqudgha.
  1289 | D:2      | Found a faded altar of an unknown god.
  1373 | D:2      | Gained mutation: You are partially covered in icy blue scales. (AC +2) [demonic ancestry]
  1373 | D:2      | Reached XP level 4. HP: 24/37 MP: 4/4
  1656 | D:3      | Noticed Ijyb
  1689 | D:3      | Killed Ijyb
  1988 | D:3      | Found a hazy altar of Hepliaklqana.
  2058 | D:3      | Gained mutation: You have sharp fingernails. [demonic ancestry]
  2058 | D:3      | Reached XP level 5. HP: 43/43 MP: 5/5
  2293 | D:3      | Noticed Querens's ghost (amateur GrFi)
  2306 | D:3      | Killed Querens's ghost
  2462 | D:3      | Reached *** piety under Trog
  2693 | D:4      | Noticed Natasha
  2699 | D:4      | Killed Natasha
  2699 | D:4      | Gained mutation: You are mostly covered in icy blue scales. (AC +3) [demonic ancestry]
  2699 | D:4      | Reached XP level 6. HP: 49/49 MP: 6/6
  2761 | D:4      | Reached skill level 5 in Long Blades
  3241 | D:4      | Noticed a slave
  3242 | D:4      | Noticed a slave
  3243 | D:4      | Noticed a slave
  3281 | D:4      | Killed a slave
  3295 | D:4      | Killed a slave
  3315 | D:4      | Killed a slave
  3316 | D:4      | Noticed Natasha
  3337 | D:4      | Killed Natasha
  3337 | D:4      | Gained mutation: Your flesh is cold resistant. (rC+) [demonic ancestry]
  3337 | D:4      | Reached XP level 7. HP: 29/55 MP: 7/7
  3489 | D:4      | Noticed Pikel
  3489 | D:4      | Noticed Natasha
  3515 | D:4      | Killed Natasha
  3531 | D:4      | Killed Pikel
  3531 | D:4      | Reached skill level 5 in Armour
  3531 | D:4      | Gained mutation: You have very sharp fingernails. [demonic ancestry]
  3531 | D:4      | Reached XP level 8. HP: 39/61 MP: 8/8
  3741 | D:4      | Reached skill level 5 in Fighting
  3780 | D:5      | Entered Level 5 of the Dungeon
  3814 | D:5      | Found a staircase to the Ecumenical Temple.
  3939 | D:5      | Got an ancient wooden ring
  3992 | D:5      | Reached skill level 1 in Shields
  4024 | D:5      | Found a sacrificial altar of Ru.
  4044 | D:5      | Found Fiptean's Food Shop.
  4055 | D:5      | Found a burning altar of Makhleb.
  4276 | D:6      | Reached **** piety under Trog
  4348 | D:6      | Identified the ring "Teun" {Ice +Fly Str+3 Dex-2 SInv} (You found it on level 5 of the Dungeon)
  5165 | D:7      | Noticed a hippogriff
  5176 | D:7      | Killed a hippogriff
  5231 | D:7      | Gained mutation: You are immune to freezing clouds. [demonic ancestry]
  5231 | D:7      | Reached XP level 9. HP: 68/68 MP: 9/9
  5891 | D:8      | Found a glowing silver altar of Zin.
  5892 | D:8      | Noticed an angel
  6015 | D:8      | Noticed Maurice
  6089 | D:8      | Killed Maurice
  6089 | D:8      | Reached ***** piety under Trog
  6495 | D:8      | You fall through a shaft!
  6520 | D:9      | Reached skill level 10 in Long Blades
  6520 | D:9      | Reached XP level 10. HP: 62/79 MP: 10/10
  6544 | D:9      | Identified the Reference Book on Shifting Clay
  6962 | D:9      | Found a staircase to the Lair.
  6983 | D:9      | Noticed a spiny frog
  6984 | D:9      | Noticed a spiny frog
  7008 | D:9      | Killed a spiny frog
  7016 | D:9      | Killed a spiny frog
  7240 | D:9      | Received a gift from Trog
  7305 | D:9      | Noticed Grum
  7307 | D:9      | Noticed a wizard
  7545 | D:9      | Banished Grum
  7864 | D:10     | Entered Level 10 of the Dungeon
  8026 | D:10     | Noticed Urug
  8045 | D:10     | Killed Urug
  8108 | D:10     | Noticed a hill giant
  8120 | D:10     | Gained mutation: You may emit foul miasma when damaged in melee. [demonic ancestry]
  8120 | D:10     | Reached XP level 11. HP: 81/89 MP: 11/11
  8123 | D:10     | Banished a hill giant
  8181 | D:10     | Found a staircase to the Orcish Mines.
  8846 | D:10     | Reached skill level 10 in Fighting
  8995 | D:11     | Found Wather's Armour Emporium.
  9009 | D:11     | Noticed a hill giant
  9014 | D:11     | Banished a hill giant
  9841 | D:12     | Noticed an unseen horror
  9843 | D:12     | Killed an unseen horror
 10293 | D:13     | Noticed a centaur warrior
 10300 | D:13     | Received a gift from Trog
 10301 | D:13     | Killed a centaur warrior
 10338 | D:13     | Noticed a hill giant
 10365 | D:13     | Noticed a centaur warrior
 10394 | D:13     | Noticed a centaur warrior
 10400 | D:13     | Killed a centaur warrior
 10400 | D:13     | Gained mutation: A meltable icy envelope protects you from harm. (AC +10) [demonic ancestry]
 10400 | D:13     | Reached XP level 12. HP: 68/100 MP: 12/12
 10435 | D:13     | Found a shattered altar of Ashenzari.
 10454 | D:13     | Killed a centaur warrior
 11168 | D:14     | Noticed Kirke
 11371 | D:14     | Noticed a vault guard
 11424 | D:14     | Found a gate to the Vaults.
 11464 | D:14     | Found Tul Emil's Magic Scroll Shop.
 11473 | D:14     | Bought a scroll of enchant armour for 97 gold pieces
 11473 | D:14     | Bought a scroll of enchant armour for 97 gold pieces
 11473 | D:14     | Bought a scroll of enchant armour for 97 gold pieces
 11516 | D:14     | Killed a vault guard
 12050 | D:14     | Killed Kirke
 12050 | D:14     | Reached XP level 13. HP: 106/106 MP: 13/13
 12064 | D:14     | Received a gift from Trog
 12083 | D:15     | Entered Level 15 of the Dungeon
 12090 | D:15     | Noticed an ettin
 12232 | D:15     | Killed an ettin
 12399 | D:15     | Reached skill level 10 in Armour
 12411 | D:15     | Found a staircase to the Depths.
 13318 | Orc:1    | Entered Level 1 of the Orcish Mines
 13327 | Orc:1    | Reached skill level 15 in Long Blades
 13400 | Orc:1    | Noticed Fannar
 13427 | Orc:1    | Killed Fannar
 13709 | Orc:1    | Received a gift from Trog
 13884 | Orc:1    | Found a roughly hewn altar of Beogh.
 13980 | Orc:2    | Entered Level 2 of the Orcish Mines
 13991 | Orc:2    | Found a roughly hewn altar of Beogh.
 14149 | Orc:2    | Found a labyrinth entrance.
 14171 | Lab      | Entered a labyrinth
 14503 | Lab      | Got a smoking glass ring
 14503 | Lab      | Got a steaming lapis lazuli ring
 14505 | Lab      | Noticed a minotaur
 14514 | Lab      | Killed a minotaur
 14521 | Lab      | Got a polished falchion
 14610 | Orc:2    | Found a staircase to the Elven Halls.
 14756 | Orc:2    | Found a bloodstained altar of Trog.
 14863 | Orc:2    | Noticed an orc warlord
 14894 | Orc:2    | Killed an orc warlord
 15102 | Orc:2    | Found a roughly hewn altar of Beogh.
 15128 | Orc:2    | Found a roughly hewn altar of Beogh.
 15156 | Orc:2    | Found Voddemm's General Store.
 15234 | Orc:2    | Found a roughly hewn altar of Beogh.
 15301 | Orc:2    | Found a roughly hewn altar of Beogh.
 15317 | Orc:2    | Found Likijyg's Weapon Boutique.
 15533 | Orc:2    | Found Omakojej's Antique Armour Boutique.
 15535 | Orc:2    | Found a roughly hewn altar of Beogh.
 15535 | Orc:2    | Found Ymulukko's Antique Weapon Shop.
 15543 | Orc:2    | Bought a polished plate armour for 728 gold pieces
 15543 | Orc:2    | Bought a steaming plate armour for 728 gold pieces
 15563 | Orc:2    | Identified the +11 plate armour of the Crushed Gods {Dex+5} (You bought it in a shop on level 2 of the Orcish Mines)
 15573 | Orc:2    | Identified the +1 plate armour "Mabb" {rC+ Dex+4} (You bought it in a shop on level 2 of the Orcish Mines)
 15770 | Lair:1   | Entered Level 1 of the Lair of Beasts
 15817 | Lair:1   | Received a gift from Trog
 15849 | Lair:1   | Gained mutation: You have claws for hands. [demonic ancestry]
 15849 | Lair:1   | Reached XP level 14. HP: 113/113 MP: 14/14
 16571 | Lair:2   | Found a staircase to the Shoals.
 16586 | Lair:2   | Received a gift from Trog
 16604 | Lair:2   | Reached ****** piety under Trog
 17247 | Lair:2   | Identified the +9 falchion "Yryut" {drain, rPois Dex+2} (You found it in a labyrinth)
 17459 | Lair:3   | Received a gift from Trog
 18445 | Lair:4   | Found a staircase to the Snake Pit.
 19151 | Lair:5   | Received a gift from Trog
 19636 | Lair:6   | Entered Level 6 of the Lair of Beasts
 19852 | Lair:6   | Received a gift from Trog
 19852 | Lair:6   | Reached XP level 15. HP: 124/124 MP: 15/15
 19946 | Lair:6   | Identified the ring "Ajuod" {rPois MP+9 Str+4} (You found it in a labyrinth)
 19947 | Lair:6   | Identified the cursed ring "Gaem" {rF+ MR++ Str-3 Dex-2 Stlth+} (You found it in a labyrinth)
 20068 | Lair:6   | Noticed Nessos
 20097 | Lair:6   | Killed Nessos
 20442 | Lair:6   | Found a staircase to the Slime Pits.
 20611 | Lair:6   | Noticed Mukku's ghost (journeyman MfSu)
 20646 | Lair:6   | Killed Mukku's ghost
 21184 | Snake:1  | Entered Level 1 of the Snake Pit
 21461 | Snake:1  | Found Uclaricw's Jewellery Boutique.
 21477 | Snake:1  | Bought a cursed -3 ring of strength for 28 gold pieces
 21575 | Snake:1  | Found a blossoming altar of Fedhas.
 21839 | Snake:1  | Found Muptud's Jewellery Shop.
 21841 | Snake:1  | Found Figok's Gadget Shoppe.
 21841 | Snake:1  | Found Eraleiq's Gadget Shoppe.
 21849 | Snake:1  | Bought a cursed -3 ring of protection for 28 gold pieces
 21852 | Snake:1  | Bought a wand of teleportation (6/9) for 480 gold pieces
 22159 | Snake:2  | Noticed a nagaraja
 22168 | Snake:2  | Killed a nagaraja
 22331 | Snake:2  | Reached skill level 15 in Fighting
 22389 | Snake:2  | Noticed Azrael
 23127 | Snake:2  | Upgraded the game from 0.19.0 to 0.19.0-2-gae57169
 23177 | Snake:3  | Reached XP level 16. HP: 88/136 MP: 16/16
 23350 | Snake:3  | Killed Azrael
 23481 | Snake:2  | Reached skill level 15 in Armour
 23807 | Snake:3  | Noticed Vashnia
 23809 | Snake:3  | Noticed Aizul
 23881 | Snake:2  | Killed Aizul
 24053 | Snake:3  | Killed Vashnia
 24267 | Snake:3  | Got a faintly humming plate armour
 24268 | Snake:3  | Identified the cursed +0 plate armour of Autumn {rC+ Slay+3} (You found it on level 3 of the Snake Pit)
 24451 | Snake:3  | Found a white marble altar of Elyvilon.
 24465 | Snake:3  | Found Deckikua's Distillery.
 24511 | Snake:3  | Received a gift from Trog
 25300 | Snake:4  | Entered Level 4 of the Snake Pit
 25390 | Snake:4  | Found Etisaw's Distillery.
 25390 | Snake:4  | Found Watalel's Magic Scroll Shoppe.
 25392 | Snake:4  | Found Meheirphuz's Assorted Antiques.
 25393 | Snake:4  | Found Vusoopne's Gadget Shoppe.
 25456 | Snake:4  | Found a frozen archway.
 25460 | IceCv    | Entered an ice cave
 25774 | IceCv    | Noticed an Ice Fiend
 25775 | IceCv    | Noticed an Ice Fiend
 25789 | IceCv    | Killed an Ice Fiend
 25789 | IceCv    | HP: 5/231 [Ice Fiend/bolt of cold (18)]
 25794 | IceCv    | HP: 3/231 [Ice Fiend (6)]
 25794 | IceCv    | Demolished by an Ice Fiend

Skill      XL: |  1  2  3  4  5  6  7  8  9 10 11 12 13 14 15 16 |
---------------+-------------------------------------------------+-----
Long Blades    | 3 4 5 6 8 10 11 13 14 15 | 15.6
Fighting       | 4 5 7 9 11 13 15 16 | 16.6
Armour         | 2 3 5 6 9 11 13 14 16 | 16.2
Shields        | 3 4 |  4.8
Dodging        | 3 |  3.8

Action                   |  1- 3 |  4- 6 |  7- 9 | 10-12 | 13-15 | 16-18 || total
-------------------------+-------+-------+-------+-------+-------+-------++-------
Melee: Falchion          |   120 |   324 |   647 |   171 |       |       ||  1262
       Scimitar          |       |       |       |   632 |  1667 |   560 ||  2859
Invok: Berserk           |     2 |     3 |     5 |     1 |     7 |     3 ||    21
       Trog's Hand       |       |     1 |     2 |     6 |     7 |     2 ||    18
       Brothers in Arms  |       |       |       |       |     5 |     1 ||     6
  Use: Scroll            |       |     3 |    12 |    12 |    13 |     3 ||    43
       Potion            |       |       |       |       |       |     2 ||     2
 Stab: Sleeping          |     2 |       |       |       |       |       ||     2
       Distracted        |       |       |       |     1 |     1 |       ||     2
  Eat: Chunk             |     1 |    19 |    36 |    27 |    32 |       ||   115
       Royal jelly       |     1 |       |       |       |     3 |     1 ||     5
       Bread ration      |       |       |       |       |     1 |       ||     1
       Beef jerky        |       |       |       |       |     1 |       ||     1
       Meat ration       |       |       |       |       |       |     2 ||     2
Armor: Animal skin       |     4 |       |       |       |       |       ||     4
       Ring mail         |    15 |    34 |       |       |       |       ||    49
       Chain mail        |       |    64 |       |       |       |       ||    64
       Quicksilver drago |       |    33 |   150 |   217 |    74 |       ||   474
       Scale mail        |       |       |       |       |    15 |       ||    15
       Plate armour      |       |       |       |       |   627 |   278 ||   905
Dodge: Dodged            |    70 |   151 |   490 |   545 |  1115 |   262 ||  2633
Block: Buckler           |       |       |   120 |   153 |   478 |   155 ||   906
       Rpst.: Falchion   |    20 |    54 |   145 |    30 |       |       ||   249
       Scimitar          |       |       |       |   108 |   296 |    59 ||   463
